 Dungeon Crawl Stone Soup version 0.24.0-28-g17ded55e90 (webtiles) character file.

Game seed: 16962581857824175122, levelgen mode: deterministic

73 night the Ruffian (level 4, -1/25 HPs)
             Began as a Gargoyle Transmuter on Nov 12, 2019.
             Slain by a worm (6 damage)
             ... on level 2 of the Dungeon.
             The game lasted 00:03:57 (1883 turns).

night the Ruffian (Gargoyle Transmuter)             Turns: 1883, Time: 00:03:57

Health: -1/25      AC:  5    Str: 10 (13) XL:     4   Next: 27%
Magic:  7/7        EV: 12    Int: 13 (15) God:
Gold:   71         SH:  0    Dex:  7 (10) Spells: 4/7 levels left

rFire    . . .     SeeInvis .     - Unarmed
rCold    . . .     Gourm    .   (no shield)
rNeg     + . .     Faith    .   b - +0 robe
rPois    ∞         Spirit   .   (no helmet)
rElec    +         Reflect  .   (no cloak)
rCorr    .         Harm     .   (no gloves)
MR       .....                  (no boots)
Stlth    +.........             (no amulet)
HPRegen  0.08/turn              (no ring)
MPRegen  0.10/turn              (no ring)

@: no status effects
A: negative energy resistance 1, electricity resistance, unbreathing,
petrification resistance, rot immunity, AC +3
a: no special abilities


You were on level 2 of the Dungeon.
You were not hungry.

You visited 1 branch of the dungeon, and saw 2 of its levels.

You collected 71 gold pieces.

Inventory:

Missiles
 a - 59 arrows
 j - 20 bolts
 o - 5 atropa-tipped darts (quivered)
Armour
 b - a +0 robe (worn)
Scrolls
 e - a scroll of fear {unknown}
 f - a scroll of identify {unknown}
 h - a scroll of amnesia {unknown}
 k - a scroll of enchant armour {unknown}
 l - 2 scrolls of teleportation {unknown}
 m - 2 scrolls of remove curse {unknown}
 n - a scroll of noise {unknown}
Potions
 c - a potion of curing {unknown}
 i - a potion of degeneration
 p - a potion of flight {unknown}
Comestibles
 d - 5 rations
 g - 3 chunks of flesh


   Skills:
 - Level 1.1 Fighting
 - Level 1.5 Dodging
 + Level 3.7 Unarmed Combat
 - Level 2.0 Spellcasting
 * Level 3.1 Transmutations


You had 4 spell levels left.
You knew the following spells:

 Your Spells              Type           Power        Failure   Level  Hunger
a - Beastly Appendage     Tmut           #.....       7%          1    ##.....
b - Sticks to Snakes      Tmut           #.......     11%         2    ###....

Your spell library contained the following spells:

 Spells                   Type           Power        Failure   Level  Hunger
 Spider Form              Tmut/Pois      #.........   38%         3    ####...
 Ice Form                 Ice/Tmut       #.......     80%         4    #####..
 Blade Hands              Tmut           #.........   89%         5    ######.


Dungeon Overview and Level Annotations

Branches:
Dungeon (2/15)

Altars:


Innate Abilities, Weirdness & Mutations

You are resistant to torment.
Your stone body is resilient. (AC +3)
You are immune to poison.
You resist negative energy. (rN+)
You are resistant to electric shocks. (rElec)
You can survive without breathing.
You are immune to petrification.
You are immune to rotting.


Message History

The worm resists.
The worm is moderately wounded.
Throwing (i - inventory)
o - 6 atropa-tipped darts (quivered)
Press: ? - help, Shift-Dir - straight line, f/p - worm
Aim: a worm (moderately wounded, chance to blind on hit: 51%)
You throw an atropa-tipped dart. The atropa-tipped dart hits the worm.
The worm appears confused.
The worm is moderately wounded.
Your talons disappear.
The worm seems less confused.
Quiver which item? (- for none, * to show all) (? for menu, Esc to quit)
Okay, then.
You strike the helpless worm from behind!
You hit the worm.
The worm is heavily wounded.
The worm is no longer blind.
You hit the worm.
The worm is severely wounded.
The worm bites you.
You die...

#.. #.# #.............. #..
#.# #.)............ #... #.#
##..............
###...###.####...............
......................#.# #
#.#..#.....(.......###.#.#
#..............#...##....#
##..#..#.####.###..)...$#
#..#....@w.(.....##...(#
##..............#####.....
##..)..##.####...# .....
#....#....# ###.# ..... #
#...###...# #.# ..... #.#..##
##..# #.. ..... #.#...###...#
#.## ##### #......#....# #.#
###.........# .#


You could see a worm.

Vanquished Creatures
  3 adders (D:2)
  An ooze (D:1)
  3 dart slugs
  2 leopard geckos (D:1)
  6 goblins
  6 hobgoblins
  6 bats
  A frilled lizard (D:1)
  2 kobolds (D:1)
  7 rats (D:1)
37 creatures vanquished.

Notes
Turn   | Place    | Note
-------+----------+-------------------------------------------
     0 | D:1      | night the Gargoyle Transmuter began the quest for the Orb.
     0 | D:1      | Reached XP level 1. HP: 12/12 MP: 3/3
   194 | D:1      | Reached XP level 2. HP: 16/16 MP: 3/5
   946 | D:1      | Reached XP level 3. HP: 20/20 MP: 4/6
  1193 | D:1      | Learned a level 2 spell: Sticks to Snakes
  1792 | D:2      | Reached XP level 4. HP: 9/25 MP: 7/7
  1883 | D:2      | Slain by a worm

Levels and vault maps discovered:
D:1:      mrwooster_arrival_statue_2, layout_loops_cross
D:2:      layout_loops_ring, tso_altar, grunt_temple_overflow_open,
          first_ration, uniq_robin

Skill      XL: |  1  2  3  4 |
---------------+-------------+-----
Transmutations | 2 3 |  3.1
Fighting       | |  1.1
Dodging        | |  1.5
Unarmed Combat | |  3.7
Spellcasting   | |  2.0

Action                   |  1- 3 |  4- 6 || total
-------------------------+-------+-------++-------
Melee: Unarmed           |   127 |    19 ||   146
       Headbutt          |     7 |       ||     7
       Kick              |     7 |     1 ||     8
       Punch             |     1 |     1 ||     2
Throw: Dart              |     2 |     2 ||     4
 Cast: Beastly Appendage |    19 |     1 ||    20
  Use: Potion            |       |     2 ||     2
 Stab: Invisible         |       |     1 ||     1
  Eat: Chunk             |     3 |     1 ||     4
Armor: Robe              |    50 |     3 ||    53
Dodge: Dodged            |    71 |    10 ||    81
